 Dungeon Crawl Stone Soup version 0.30-a0-782-ge64f9170bb (webtiles) character file.

Game seed: 4642463547198127875

7353 mopl the Destroyer (level 11, -4/61 HPs)
             Began as an Octopode Hedge Wizard on Mar 17, 2023.
             Was an Elder of Vehumet.
             Slain by Grum
             ... wielding a +1 spear
              (20 damage)
             ... on level 9 of the Dungeon.
             The game lasted 00:16:04 (9482 turns).

mopl the Destroyer (Octopode Hedge Wizard)          Turns: 9482, Time: 00:16:05

Health: -4/61      AC:  1    Str: 10    XL:     11   Next: 13%
Magic:  14/24      EV: 18    Int: 22    God:    Vehumet [****..]
Gold:   394        SH:  0    Dex: 10    Spells: 18/28 levels left

rFire   . . .      SeeInvis .    j - +10 falchion of the Magic Mushroom {protect, rElec Int+2 Dex-2}
rCold   + . .      Faith    .    (no shield)
rNeg    + . .      Spirit   .    b - +0 hat
rPois   .          Reflect  .    (no amulet)
rElec   +          Harm     .    n - ring of wizardry
rCorr   .          Rampage  .    t - ring of positive energy
Will    .....                    x - +5 ring of evasion
Stlth   ++                       G - +4 ring of slaying
HPRegen 0.30/turn                O - ring of protection from cold
MPRegen 0.19/turn                (no ring)
                                 (no ring)
                                 (no ring)

@: confused
A: almost no armour, amphibious, 8 rings, camouflage 1, gelatinous body 1,
(nimble swimmer 1), tentacles
a: Renounce Religion


You were on level 9 of the Dungeon.
You worshipped Vehumet.
Vehumet was greatly pleased with you.
You visited 1 branch of the dungeon, and saw 9 of its levels.
You also visited: Ossuary.

You collected 472 gold pieces.
You spent 78 gold pieces at shops.

Inventory:

Hand Weapons
 a - a +0 dagger
 j - the +10 falchion of the Magic Mushroom (weapon) {protect, rElec Int+2 Dex-2}
   (You found it on level 2 of the Dungeon)

   Int:       It affects your intelligence (+2).
   Dex:       It affects your dexterity (-2).
   rElec:     It insulates you from electricity.
 C - a +2 short sword of venom
Missiles
 f - 3 throwing nets
 g - 8 poisoned darts
 k - 3 boomerangs
 N - a curare-tipped dart
Armour
 b - a +0 hat (worn)
Magical Staves
 E - a staff of poison
Jewellery
 n - a ring of wizardry (left tentacle)
 t - a ring of positive energy (right tentacle)
 x - a +5 ring of evasion (on tentacle)
 G - a +4 ring of slaying (on tentacle)
 O - a ring of protection from cold (on tentacle)
Wands
 l - a wand of flame (40)
 w - a wand of charming (3)
Scrolls
 d - 2 scrolls of fog {unknown}
 e - 3 scrolls of amnesia {unknown}
 i - a scroll of poison {unknown}
 o - 5 scrolls of enchant weapon {unknown}
 p - 4 scrolls of teleportation
 r - a scroll of fear {unknown}
 s - 2 scrolls of summoning {unknown}
 v - 5 scrolls of immolation {unknown}
 y - 2 scrolls of blinking {unknown}
 B - a scroll of vulnerability {unknown}
 F - a scroll of magic mapping {unknown}
 K - a scroll of enchant armour {unknown}
Potions
 c - a potion of magic
 h - 3 potions of cancellation {unknown}
 m - 2 potions of heal wounds
 q - a potion of invisibility {unknown}
 u - a potion of curing
 z - 2 potions of mutation {!q}
 A - a potion of brilliance
 D - 2 potions of flight {unknown}
 H - a potion of resistance {unknown}
 I - a potion of lignification {unknown}
 J - 2 potions of might
 L - 2 potions of attraction {unknown}
 M - 3 potions of haste


   Skills:
 - Level 2.0 Dodging
 - Level 2.6 Stealth
 + Level 9.2 Spellcasting
 + Level 9.6 Conjurations
 - Level 1.0 Summonings
 - Level 4.0 Translocations
 + Level 5.8 Poison Magic
 + Level 8.7 Evocations


You had 18 spell levels left.
You knew the following spells:

 Your Spells              Type           Power      Damage    Failure   Level
a - Magic Dart            Conj           100%       1d8       1%          1
c - Mephitic Cloud        Conj/Pois/Air  32%        N/A       1%          3
e - Blink                 Tloc           54%        N/A       1%          2
o - Olgreb's Toxic Radia  Pois           35%        N/A       1%          4

Your spell library contained the following spells:

 Spells                   Type           Power      Damage    Failure   Level
 Kindle Blastsparks       Fire/Tloc/Air  32%        2d12      1%          3
 Sting                    Tmut/Pois      92%        1d7       1%          1
 Cigotuvi's Dreadful Rot  Necr/Pois/Air  36%        N/A       1%          2
 Poisonous Vapours        Pois/Air       46%        N/A       1%          2
 Necrotise                Necr           40%        1d6       2%          1
 Slow                     Hex            40%        N/A       2%          1
 Call Imp                 Summ           14%        N/A       2%          2
 Inner Flame              Hex/Fire       10%        N/A       2%          3
 Animate Dead             Necr           10%        N/A       26%         4
 Cause Fear               Hex            5%         N/A       26%         4
 Haunt                    Necr/Summ      6%         N/A       100%        7
 Discord                  Hex            5%         N/A       100%        8
 Infestation              Necr           5%         N/A       100%        8


Dungeon Overview and Level Annotations

Branches:
Dungeon (9/15)             Temple (0/1) D:7         Ossuary (visited)
   Lair: D:8-11         Orc: D:9-12

Altars:
Dithmenos
Kikubaaqudgha
Nemelex Xobeh
Okawaru
Qazlal
Sif Muna
Vehumet
Yredelemnul
Zin
The Shining One

Shops:
D:5 ?

Annotations:
D:6 dig
D:9 Grum


Innate Abilities, Weirdness & Mutations

You cannot wear most types of armour.
You are amphibious.
You can wear up to eight rings at the same time.
Your skin changes colour to match your surroundings (Stealth+).
Your rubbery body absorbs attacks. (AC +1, EV +1)
((You are camouflaged when in or above water. (Stealth+)))
You have tentacles for arms and can constrict up to eight enemies at once.


Message History

Your squeeze misses the vampire mosquito.
The vampire mosquito is severely damaged.
Your toxic aura wanes.
The vampire mosquito misses you. The vampire mosquito bites you!
The vampire mosquito draws strength from your injuries!
The vampire mosquito closely misses you.
You slash the vampire mosquito!
You destroy the vampire mosquito!
Vehumet accepts your kill.
You begin to radiate toxic energy.
The troll is poisoned.
Grum is poisoned.
The troll looks even sicker. x2; The troll bites you!
The troll closely misses you. The troll claws you.
The troll looks even sicker.
Your toxic aura wanes.
The troll attacks as you move away! The troll bites you! The troll claws you!
* * * LOW HITPOINT WARNING * * *
The troll misses you.
Casting: Olgreb's Toxic Radiance (dangerous; 1% risk of failure)
Confirm with . or Enter, or press ? or * to list all spells.
Aiming: Mephitic Cloud (safe; 1% risk of failure)
Press: ? - help, Shift-Dir - straight line, f - troll
Aim: a troll (moderately wounded, very poisoned, chance to affect: 67%) That beam is likely to hit you.
Continue anyway?
The ball explodes into a vile cloud!
The stinking cloud engulfs you but does no damage.
The stinking cloud engulfs the troll but does no damage.
The troll is moderately wounded.
You are engulfed in noxious fumes.
You choke on the stench!
You are confused.
Grum barely misses you.
The troll is engulfed in noxious fumes.
The troll appears confused.
The troll misses you. The troll closely misses you. The troll claws you.
* * * LOW HITPOINT WARNING * * *
Unknown command.
You closely miss the troll.
The troll is moderately wounded.
You are engulfed in noxious fumes.
You choke on the stench!
You are more confused.
Grum hits you from afar with a +1 spear!!
You die...

#...###..##.#. .#?#...#######....
#...#####.##.. .[##.#.# #.###
...##.....# .. ..#..#.# ##.#
...#.########.#.##.##.# ###..#
..###[.†...##.#.#..##.# #....#
#.#########.##.##.###.# #.#..###
#.#)........##†#..# #.# #.#.....
#..#########.#.#.## #.# #.#.###.
#....[..(...T.gT@# #.# #.#.# #.
##.#.#.....####### #.####.#.###.
#.#.#......#########)...........
##.)#...........[(..(((....#.#.##
...###........).###########.###.#
#...#....######.# ##.#.##
##.#.##### #.# ####.### #.### #.#
#####....... #.# #D# #....D##.###


You could see Grum (poisoned) and 2 trolls.

Vanquished Creatures
  Pikel (D:5)
  An ugly thing (D:9)
  Psyche (D:9)
  Prince Ribbit (D:7)
  A wraith (D:9)
  6 yaks
  3 wyverns
  A steam dragon (D:8)
  A vampire mosquito (D:9)
  Menkaure (Ossuary)
  2 water moccasins
  An orc warrior (D:6)
  A black bear (D:6)
  An ice beast (D:6)
  3 wolves (D:9)
  2 ogres
  2 lemures (D:5)
  A phantom (D:6)
  6 bullfrogs
  A kobold brigand (D:9)
  A necrophage (D:6)
  3 scorpions
  9 wights (D:8)
  17 killer bees
  2 howler monkeys
  5 hounds
  7 orc priests
  2 jellies
  3 gnoll boudas
  8 orc wizards
  Natasha (thrice) (D:4)
  5 iguanas
  3 mummies (Ossuary)
  7 adders
  12 gnolls
  2 shadow imps
  2 white imps (D:7)
  2 worms
  2 dart slugs (D:1)
  25 orcs
  6 bats
  7 endoplasms
  3 giant cockroaches
  6 goblins
  6 hobgoblins
  3 jackals (D:2)
  3 quokkas
  7 ball pythons
  2 frilled lizards (D:2)
  3 gnoll skeletons (Ossuary)
  3 gnoll zombies (Ossuary)
  2 goblin skeletons (Ossuary)
  2 goblin zombies (Ossuary)
  4 hobgoblin skeletons (Ossuary)
  5 hobgoblin zombies (Ossuary)
  11 kobolds
  3 kobold skeletons (Ossuary)
  3 kobold zombies (Ossuary)
  3 orc skeletons (Ossuary)
  7 orc zombies (Ossuary)
  4 rats
  10 rat skeletons (Ossuary)
  5 rat zombies (Ossuary)
265 creatures vanquished.

Vanquished Creatures (others)
  2 orc wizards (D:6)
  A kobold (D:9)
  15 plants (D:4)
  5 toadstools (D:1)
23 creatures vanquished.

Grand Total: 288 creatures vanquished

Notes
Turn   | Place    | Note
-------+----------+-------------------------------------------
     0 | D:1      | mopl the Octopode Hedge Wizard began the quest for the Orb.
     0 | D:1      | Reached XP level 1. HP: 11/11 MP: 4/4
    61 | D:1      | Found a faded altar of an unknown god.
    61 | D:1      | Noticed an eye of devastation
    67 | D:1      | Noticed an eye of devastation
    67 | D:1      | Noticed a golden eye
    67 | D:1      | Noticed a shining eye
   256 | D:1      | Reached XP level 2. HP: 10/17 MP: 6/6
   259 | D:1      | Learned a level 2 spell: Blink
   928 | D:2      | Reached XP level 3. HP: 16/21 MP: 7/7
   937 | D:2      | Reached skill level 2 in Conjurations
   937 | D:2      | Reached skill level 2 in Translocations
   957 | D:2      | Identified the +10 falchion of the Magic Mushroom {protect,
                  | rElec Int+2 Dex-2}
  1216 | D:2      | Reached XP level 4. HP: 27/27 MP: 9/9
  1248 | D:2      | Found an iron altar of Okawaru.
  1724 | D:3      | Found a basalt altar of Yredelemnul.
  1726 | D:3      | Noticed a profane servitor
  1763 | D:3      | Found a glowing golden altar of the Shining One.
  1765 | D:3      | Noticed an angel
  2295 | D:4      | Reached XP level 5. HP: 29/31 MP: 10/10
  2366 | D:4      | Noticed an ogre
  2373 | D:4      | Killed an ogre
  2374 | D:4      | Reached skill level 4 in Spellcasting
  2374 | D:4      | Reached skill level 3 in Conjurations
  2374 | D:4      | Reached skill level 3 in Translocations
  2374 | D:4      | Reached XP level 6. HP: 36/36 MP: 8/12
  2452 | D:4      | Noticed Natasha
  2458 | D:4      | Killed Natasha
  3009 | D:4      | Noticed Natasha
  3019 | D:4      | Killed Natasha
  3036 | D:5      | Entered Level 5 of the Dungeon
  3137 | D:4      | Noticed Natasha
  3144 | D:4      | Killed Natasha
  3406 | D:5      | Found a shadowy altar of Dithmenos.
  3485 | D:5      | Found an iron altar of Okawaru.
  3546 | D:5      | Reached skill level 4 in Conjurations
  3546 | D:5      | Reached skill level 4 in Translocations
  3546 | D:5      | Reached XP level 7. HP: 41/41 MP: 12/14
  3556 | D:5      | Reached skill level 5 in Spellcasting
  3708 | D:5      | Found a radiant altar of Vehumet.
  3715 | D:5      | Reached skill level 5 in Conjurations
  3716 | D:5      | Became a worshipper of Vehumet
  3722 | D:5      | Found an ancient bone altar of Kikubaaqudgha.
  3730 | D:5      | Reached skill level 1 in Evocations
  3736 | D:5      | Got Kikubaaqudgha's Vellum of the Morgue
  3769 | D:5      | Found a shimmering blue altar of Sif Muna.
  3817 | D:5      | Learned a level 3 spell: Mephitic Cloud
  3932 | D:5      | Found Hoetyhas's Magic Scroll Boutique.
  3935 | D:5      | Bought a scroll of identify for 26 gold pieces
  3935 | D:5      | Bought a scroll of noise for 13 gold pieces
  3935 | D:5      | Bought a scroll of teleportation for 39 gold pieces
  4056 | D:5      | Reached XP level 8. HP: 37/46 MP: 16/16
  4068 | D:5      | Noticed Pikel
  4162 | D:5      | Killed Pikel
  4163 | D:5      | Reached skill level 6 in Spellcasting
  4163 | D:5      | Reached skill level 6 in Conjurations
  4163 | D:5      | Reached skill level 3 in Evocations
  4344 | D:6      | Reached skill level 4 in Evocations
  4458 | D:6      | Found a glowing silver altar of Zin.
  4510 | D:6      | Found a sparkling altar of Nemelex Xobeh.
  4533 | D:6      | Reached XP level 9. HP: 38/51 MP: 19/19
  4672 | D:6      | Reached skill level 5 in Evocations
  4767 | D:6      | Reached * piety under Vehumet
  4767 | D:6      | Offered knowledge of Kiss of Death by Vehumet.
  4768 | D:6      | Reached skill level 7 in Spellcasting
  4768 | D:6      | Reached skill level 7 in Conjurations
  5092 | D:7      | Noticed Prince Ribbit
  5569 | D:7      | Killed Prince Ribbit
  5570 | D:7      | Reached skill level 6 in Evocations
  5607 | D:7      | Found a staircase to the Ecumenical Temple.
  5624 | D:6      | HP: 2/51 [killer bee (7)]
  6223 | D:8      | Reached skill level 8 in Conjurations
  6377 | D:8      | Found a sand-covered staircase.
  6382 | Ossuary  | Entered an ossuary
  6385 | Ossuary  | Reached ** piety under Vehumet
  6385 | Ossuary  | Offered knowledge of Freeze by Vehumet.
  6403 | Ossuary  | Learned a level 4 spell: Olgreb's Toxic Radiance
  6581 | Ossuary  | Offered knowledge of Dazzling Flash by Vehumet.
  6671 | Ossuary  | Noticed Menkaure
  6677 | Ossuary  | Killed Menkaure
  6677 | Ossuary  | Reached *** piety under Vehumet
  6678 | Ossuary  | Reached skill level 8 in Spellcasting
  6678 | Ossuary  | Reached skill level 1 in Poison Magic
  6678 | Ossuary  | Reached XP level 10. HP: 20/56 MP: 20/22
  6964 | D:8      | Found a stormy altar of Qazlal.
  6987 | D:8      | Reached skill level 7 in Evocations
  7061 | D:8      | Reached skill level 2 in Poison Magic
  7210 | D:8      | Offered knowledge of Kindle Blastsparks by Vehumet.
  7782 | D:8      | Reached skill level 3 in Poison Magic
  8039 | D:8      | Reached skill level 4 in Poison Magic
  8316 | D:9      | Reached skill level 9 in Conjurations
  8476 | D:9      | Reached skill level 8 in Evocations
  8893 | D:9      | Noticed Psyche
  8894 | D:9      | Reached **** piety under Vehumet
  8909 | D:9      | Killed Psyche
  8910 | D:9      | Reached skill level 9 in Spellcasting
  8910 | D:9      | Reached skill level 5 in Poison Magic
  9082 | D:9      | Reached XP level 11. HP: 61/61 MP: 20/24
  9104 | D:9      | Noticed Grum
  9106 | D:9      | Noticed a white ugly thing
  9106 | D:9      | Noticed a six-headed hydra
  9108 | D:9      | Noticed a rakshasa
  9219 | D:9      | Killed a white ugly thing
  9482 | D:9      | Slain by Grum

Illustrated notes

Levels and vault maps discovered:
D:1:      ldierk_walled_garden, layout_loops_ring,
          hellmonk_ecumenical_altar_watching_god, minmay_misc_feat_tower
D:2:      layout_rooms, basic_altar, minivault_24, minmay_hedge_maze,
          kennysheep_generic_room_11
D:3:      layout_loops_corners, grunt_temple_overflow_holy_war,
          hangedman_decor_points
D:4:      layout_basic, nicolae_grassy_gnolls, uniq_natasha
D:5:      layout_basic, palyth_temple_overflow_mages, kennysheep_little_box,
          grunt_dithmenos_smoke, serial_shops, kennysheep_mini_moat,
          palyth_stone_intersect, uniq_pikel
D:6:      layout_basic, zin_scriptorium, nemelex_xobeh_ov_fountains_minmay
D:7:      layout_rooms, minmay_temple_entry_hall, uniq_prince_ribbit1
D:8:      layout_basic, old_standard_altar, enter_ossuary_2
D:9:      minmay_the_grid_triangle_9x9_rhombus_thin
          [minmay_the_grid_triangle_9x9_limited_checkers,
          minmay_the_grid_triangle_9x9_prize_schism,
          minmay_the_grid_triangle_9x9_impossible_snake,
          minmay_the_grid_triangle_9x9_wacky_v], layout_loops_ring,
          corexii_checkpoint_a, uniq_grum, uniq_psyche

Skill      XL: |  1  2  3  4  5  6  7  8  9 10 |
---------------+-------------------------------+-----
Conjurations   | 2 3 4 5 6 8 9 |  9.6
Translocations | 2 3 4 |  4.0
Spellcasting   | 4 5 6 8 9 |  9.2
Evocations     | 1 4 6 8 |  8.7
Poison Magic   | 1 5 |  5.8
Dodging        | |  2.0
Stealth        | |  2.6
Summonings     | |  1.0

Action                     |  1- 3 |  4- 6 |  7- 9 | 10-12 || total
---------------------------+-------+-------+-------+-------++-------
  Melee: Dagger            |    52 |       |       |       ||    52
         Tentacles         |     9 |    17 |    58 |    25 ||   109
         Constrict         |    14 |    19 |    59 |    14 ||   106
         Punch             |     4 |     1 |     5 |     2 ||    12
         Falchion          |    27 |    94 |   283 |   117 ||   521
         Unarmed           |       |       |       |     7 ||     7
   Cast: Magic Dart        |     5 |     3 |    21 |    10 ||    39
         Mephitic Cloud    |       |       |     2 |     3 ||     5
         Blink             |       |       |     1 |       ||     1
         Olgreb's Toxic Ra |       |       |       |    26 ||    26
    Use: Scroll            |       |       |     5 |     2 ||     7
         Potion            |       |       |     2 |     1 ||     3
   Stab: Sleeping          |     8 |    11 |    12 |     4 ||    35
         Distracted        |       |     2 |       |       ||     2
         Confused          |       |       |     1 |     1 ||     2
 Armour: Skin              |    22 |    13 |    53 |    11 ||    99
  Dodge: Dodged            |    47 |    64 |   302 |   121 ||   534

Table legend: (Time is in decaauts)
 A = Elapsed time spent in this place.
 B = Non-inter-level travel time spent in this place.
 C = Inter-level travel time spent in this place.
 D = Time resting spent in this place.
 E = Time spent auto-exploring this place.
 F = Levels seen in this place.
 G = Mean time per level.
                   A        B        C        D        E       F      G
               +--------+--------+--------+--------+--------+-----+--------+
         Total |   9636 |   9096 |    540 |   1915 |   4873 |  10 |  963.6 |
       Dungeon |   9093 |   8553 |    540 |   1781 |   4677 |   9 | 1010.3 |
       Ossuary |    542 |    542 |      0 |    134 |    196 |   1 |  542.0 |
               +--------+--------+--------+--------+--------+-----+--------+

Top non-repeatable levels by time:
     D:8: 1617 daAuts
     D:6: 1484 daAuts
     D:9: 1287 daAuts
     D:4: 1105 daAuts
     D:5: 987 daAuts
     D:1: 921 daAuts
     D:3: 842 daAuts
 Ossuary: 542 daAuts
     D:2: 478 daAuts
     D:7: 370 daAuts
